Map: 亡者之夜

Players

邀月

  • Race: Protoss Protoss
  • League: Master
  • Spawn Location: 0:00

猫灵

  • Race: Terran Terran
  • Spawn Location: 0:00

VOD

Have the link to the VOD?

Description

Time

  • Played on: March 3, 2018, 4:45 a.m.
  • Length: 20:32
Show
View Real Time Build Order
Export as new Build Order

邀月 Protoss 

Build Orders:  

Get SALT Encoding   

  12  0:04  Probe (Chrono Boost)  
  13  0:18  Probe (Chrono Boost)  
  15  0:30  Probe (Chrono Boost)  
  15  0:33  Pylon  
  15  0:42  Probe (Chrono Boost)  
  15  0:47  Assimilator  
  16  0:54  Probe (Chrono Boost)  
  17  1:02  Assimilator  
  17  1:06  Probe (Chrono Boost)  
  18  1:18  Probe (Chrono Boost)  
  19  1:22  Robotics Facility  
  20  1:30  Probe (Chrono Boost)  
  20  1:42  Probe (Chrono Boost)  
  20  1:46  Robotics Bay  
  21  1:54  Probe (Chrono Boost)  
  22  2:06  Probe (Chrono Boost)  
  23  2:17  Probe (Chrono Boost)  
  23  2:19  Observer  
  26  2:34  Probe (Chrono Boost)  
  26  2:35  Colossus  
  27  2:51  Probe (Chrono Boost)  
  27  2:58  Gravitic Boosters  
  27  2:59  Warbringer's A.I. Personality  
  33  3:08  Probe (Chrono Boost)  
  33  3:09  Cybernetics Core  
  34  3:14  Gateway  
  35  3:25  Probe (Chrono Boost)  
  35  3:27  Forge  
  35  3:33  Immortal  
  35  3:36  Assimilator  
  36  3:42  Probe (Chrono Boost)  
  36  3:59  Probe (Chrono Boost), Taldarin's A.I. Personality  
  41  4:37  Probe (Chrono Boost)  
  42  4:47  Purifier Armaments, Warp Gate  
  42  4:48  Pylon  
  43  4:54  Probe (Chrono Boost)  
  43  4:59  Talis' A.I. Personality  
  43  5:00  Twilight Council  
  43  5:04  Pylon  
  43  5:11  Purification Blast  
  43  5:19  Probe (Chrono Boost)  
  44  5:29  Colossus  
  44  5:39  Probe (Chrono Boost)  
  51  5:59  Kaldalis' A.I. Personality  
  51  6:08  Probe (Chrono Boost)  
  51  6:09  Gateway  
  52  6:12  Gateway  
  52  6:13  Gateway  
  52  6:17  Observation Protocol, Gateway  
  52  6:19  Gateway  
  48  6:30  Gravimetric Overload  
  48  6:45  Immortal  
  48  6:47  Psionic Projection  
  52  6:59  Protoss Ground Weapons Level 1  
  52  7:00  Gateway  
  52  7:01  Gateway  
  52  7:05  Gateway  
  52  7:29  Empowered Blades  
  52  7:31  Conservator  
  54  7:42  Pylon  
  54  7:43  Pylon  
  54  7:56  Adept  
  54  7:57  Adept  
  58  8:07  Colossus  
  62  8:20  Debilitation System  
  62  8:23  Conservator x2  
  66  8:32  Conservator x2  
  66  8:34  Adept x4  
  66  8:36  Observer  
  74  9:02  Pylon  
  74  9:15  Pylon x2  
  74  9:17  Pylon x2  
  71  9:22  Conservator  
  71  9:23  Observer  
  72  9:33  Adept x2  
  72  9:34  Adept  
  72  9:36  Legionnaire  
  81  9:58  Conservator x2  
  82  10:06  Colossus  
  87  10:18  Adept x3  
  93  10:26  Conservator  
  90  10:32  Protoss Ground Weapons Level 2  
  79  10:53  Adept x6  
  91  11:20  Colossus  
  97  11:39  Conservator x2  
  94  12:33  Adept x2, Conservator  
  94  12:34  Conservator, Legionnaire  
  94  12:35  Legionnaire  
  102  12:52  Adept x2  
  106  13:20  Observer  
  106  13:28  Pylon  
  107  13:31  Pylon x2  
  107  13:33  Pylon  
  104  13:54  Adept x3  
  104  13:55  Adept x2  
  104  13:56  Legionnaire  
  104  13:57  Conservator  
  104  13:58  Conservator  
  111  14:39  Conservator  
  109  14:40  Conservator  
  109  14:41  Legionnaire x3  
  109  14:42  Legionnaire  
  109  14:47  Cybernetics Core  
  112  15:26  Conservator x3, Probe (Chrono Boost)  
  113  15:36  Legionnaire  
  113  15:37  Legionnaire x2  
  122  15:42  Adept x4  
  125  16:06  Observer  
  127  16:20  Probe (Chrono Boost)  
  127  16:28  Adept x2  
  127  16:29  Legionnaire  
  126  16:49  Adept x2  
  125  16:50  Legionnaire  
  125  16:51  Legionnaire  
  125  16:56  Probe (Chrono Boost)  
  122  17:34  Adept x4  
  129  18:01  Adept x2  
  129  18:02  Adept  
  129  18:05  Pylon  
  123  18:47  Adept x5  
  123  18:48  Legionnaire x3  
  130  19:16  Adept x2  
  130  19:18  Adept  
  96  20:04  Legionnaire x2  
  96  20:05  Legionnaire  
Show
View Real Time Build Order
Export as new Build Order

猫灵 Terran 

Build Orders:  

Get SALT Encoding   

  11  0:54  Supply Depot  
Tags
 
Commander
FenixRaynor
League
Master
Matchup
Co-op
Replay Pack
Co-op Speedrun
Add a new tag
Caveats
  • Supply blocks, unpowered buildings, or Contaminate may cause inaccurate times.
  • Supply counts are checked every 10 seconds.